 Dungeon Crawl Stone Soup version 0.30-a0-591-g3c58d2bc28 (webtiles) character file.

Game seed: 15325096047599858538

13279 kae the Transmogrifier (level 11, -1/90 HPs)
             Began as a Demonspawn Transmuter on Jan 5, 2023.
             Was an Initiate of Ru.
             Slain by a wyvern (9 damage)
             ... on level 2 of the Lair of Beasts.
             The game lasted 00:19:26 (14682 turns).

kae the Transmogrifier (Demonspawn Transmuter)     Turns: 14682, Time: 00:19:27

Health: -1/90      AC:  9    Str: 12    XL:     11   Next: 73%
Magic:  0/16       EV: 11    Int: 16    God:    Ru [......]
Gold:   473        SH:  0    Dex: 17    Spells: 4/17 levels left

rFire   x . .      SeeInvis +      - Unarmed
rCold   + + +      Faith    .    (shield currently unavailable)
rNeg    . . .      Spirit   +    (body armour currently unavailable)
rPois   +          Reflect  .    (helmet currently unavailable)
rElec   .          Harm     .    (cloak currently unavailable)
rCorr   .          Rampage  .    (gloves currently unavailable)
Will    .....                    (boots currently unavailable)
Stlth   +++                      G - amulet of guardian spirit
HPRegen 0.35/turn                Z - ring of wizardry
MPRegen 0.15/turn                v - ring of see invisible

@: ice-form, studying Long Blades
A: freezing attack, amphibious, boosted hp, large, (hooves 1), thin skeletal
structure 1, demonic guardian 2, (spiny 2)
a: End Transformation, Renounce Religion, Sacrifice Purity, Sacrifice Artifice,
Sacrifice an Eye, Reject Sacrifices


You were on level 2 of the Lair of Beasts.
You worshipped Ru.
Ru was noncommittal.
You were a creature of crystalline ice.
You visited 3 branches of the dungeon, and saw 13 of its levels.
You also visited: Sewer and Ossuary.

You collected 748 gold pieces.
You spent 275 gold pieces at shops.


Innate Abilities, Weirdness & Mutations

You are a creature of crystalline ice.
You have a powerful freezing melee attack.
You are amphibious.
Your maximum health is increased.
Your armour is entirely melded.
You are incapable of wielding weapons or throwing items.
((You have large cloven feet.))
You have a somewhat thin skeletal structure. (Dex +2, Stealth+)
A demonic guardian rushes to your aid.
((You are mostly covered in sharp spines.))


   Skills:
 + Level 3.3 Fighting
 + Level 3.5 Dodging
 + Level 8.3 Unarmed Combat
 * Level 3.9 Spellcasting
 * Level 11.2 Transmutations
 - Level 9.5 Ice Magic
 - Level 1.5 Poison Magic


You had 4 spell levels left.
You knew the following spells:

 Your Spells              Type           Power      Damage    Failure   Level
a - Beastly Appendage     Tmut           78%        N/A       1%          1
b - Wereblood             Tmut           39%        N/A       1%          2
c - Spider Form           Tmut/Pois      23%        N/A       1%          3
d - Ice Form              Ice/Tmut       36%        N/A       1%          4
e - Swiftness             Air            3%         N/A       21%         3

Your spell library contained the following spells:

 Spells                   Type           Power      Damage    Failure   Level
 Passwall                 Tmut/Erth      17%        N/A       1%          2
 Apportation              Tloc           6%         N/A       7%          1
 Shock                    Conj/Air       12%        1d3       7%          1
 Gell's Gravitas          Tloc           3%         N/A       21%         3
 Lesser Beckoning         Tloc           6%         N/A       21%         3
 Teleport Other           Tloc           3%         N/A       21%         3
 Airstrike                Air            1%         2d(1-17)  52%         4
 Leda's Liquefaction      Hex/Erth       1%         N/A       52%         4
 Alistair's Intoxication  Tmut/Pois      15%        N/A       14%         5
 Statue Form              Tmut/Erth      14%        N/A       67%         6
 Iron Shot                Conj/Erth      1%         9d1       100%        6

Inventory:

Missiles
 g - 12 boomerangs
 h - 116 stones
 j - a curare-tipped dart {=f}
 s - 41 poisoned darts
 F - 4 throwing nets {=f!f}
 L - a silver javelin
Armour
 a - a +1 robe (melded)
Magical Staves
 C - a staff of death {!a}
   (You found it on level 5 of the Dungeon)
Jewellery
 u - an amulet of magic regeneration
   (You found it on level 4 of the Dungeon)
 v - a ring of see invisible (right front paw)
   (You found it on level 5 of the Dungeon)
 G - an amulet of guardian spirit (around neck)
   (You found it on level 2 of the Dungeon)
 R - a ring of resist corrosion
   (You found it on level 1 of the Lair of Beasts)
 Z - a ring of wizardry (left front paw)
   (You found it on level 2 of the Dungeon)
Wands
 w - a wand of mindburst (6)
   (You found it on level 10 of the Dungeon)
 x - a wand of roots (44)
   (You found it on level 4 of the Dungeon)
 B - a wand of flame (28)
   (You found it on level 5 of the Dungeon)
 D - a wand of acid (19)
   (You found it on level 8 of the Dungeon)
Scrolls
 e - a scroll of fog
 f - a scroll of enchant armour
 i - 4 scrolls of teleportation {@r4}
 m - 4 scrolls of noise {!r}
 r - 4 scrolls of immolation {!r!r}
 t - a scroll of vulnerability {!r!r}
 y - a scroll of acquirement
 H - a scroll of enchant weapon
 J - 4 scrolls of magic mapping {!r}
 K - 3 scrolls of identify {@r1}
Potions
 b - 2 potions of lignification {!q}
 c - 3 potions of attraction {!q}
 d - 5 potions of curing {@q1}
 k - 4 potions of heal wounds {@q2}
 l - 2 potions of might
 n - 7 potions of mutation {!q}
 p - 2 potions of flight
 q - 3 potions of haste {@q3}
 z - a potion of brilliance
 A - 4 potions of cancellation
 E - a potion of invisibility
Miscellaneous
 I - a tin of tremorstones (2/2)
   (You found it on level 9 of the Dungeon)

Dungeon Overview and Level Annotations

Branches:
Dungeon (10/15) Zot: 25501  Temple (1/1) D:7 Zot: 5935    Lair (2/5) D:8 Zot: 10001
    Orc (0/2) D:9           Sewer (visited)         Ossuary (visited)
  Swamp: Lair:2-3    Shoals: Lair:2-3     Snake: Lair:2-3    Spider: Lair:2-3

Altars:
Ashenzari
Cheibriados
Dithmenos
Fedhas
Gozag
Hepliaklqana
Kikubaaqudgha
Nemelex Xobeh
Okawaru
Qazlal
Ru
Sif Muna
Trog
Uskayaw
Vehumet
Wu Jian
Xom
Yredelemnul
Jiyva

Shops:
D:3 [   D:4 ?   D:9 (   D:10 ?

Portals:
Trove: D:10 (give +4 demon blade)

Annotations:
D:2 Sigmund
D:7 3 runed translucent doors, Dominolapin's ghost, novice OgGl; zero's ghost, novice DEEE
D:9 3 runed translucent doors, HoaS's ghost, novice GrHu
D:10 exclusions: necromancer and simulacrum, Amaemon

......♣♣ ♣♣...........
#...P## ♣♣...........P
#....###♣###..†.........#
##..###.#..##............
#.......................
#...........w...........
#..#.##..P#####..###....
#..####...# #.l.# ...
#..# #..## ##Y4# .. #...#
#..# #..3# # ##..# #..#
##..# ...# #..# #...
##..# #..# #..## ...#
...# #..# ...# ...# ####


You could see a wyvern (extremely poisoned, ally target), a friendly sun demon
(summoned, wandering) and a friendly orange demon (summoned).


Message History

The swamp worm attacks as you move away!
The swamp worm bites you.
Your orange demon stings the yak from afar!
The yak is poisoned.
Your orange demon poisons the yak!
The yak gores your orange demon! 😮 HP[-2] MP[-1]
You take 2 damage, and now have 67/90 hp.
You lost 1 mp, and now have 8/16 mp.
A wyvern comes into view.
Your orange demon stings the yak!
Your orange demon hits the yak!
The yak gores your orange demon!
The yak gores your orange demon but does no damage.
As you read the scroll of fear, it crumbles to dust.
You assume a fearsome visage.
The swamp worm looks frightened!
The tyrant leech looks frightened!
The wyvern looks frightened!
The rime drake looks frightened!
The yak looks frightened! x3
Your orange demon barely misses the yak.
Your orange demon hits the yak.
The yak gores your orange demon!
Your orange demon stings the yak from afar!
The yak looks as sick as possible!
Your orange demon poisons the yak!
The tyrant leech bites the fungus.
The fungus begins to die. 😕 HP[+1]
The yak gores the fungus! 😕 MP[+1] 😕 HP[+1]
You feel a bit more experienced.
There is a stone staircase leading up here.
The rime drake breathes ice at you. The icy flash freeze hits you!
You partially resist.
You are encased in ice. 😮 HP[-12] MP[-2]
You take 12 damage, and now have 57/90 hp.
You lost 2 mp, and now have 7/16 mp.
What are your orders? t - Shout!
Orders for allies: a - Attack new target. r - Retreat! s - Stop attacking. g - Guard the area. f - Follow me.
Anything else - Cancel.
Gang up on whom?
Press: ? - help, Dir - move target, f - rime drake
Aim: a rime drake (catching its breath) Attack!
The rime drake seems to regain its courage.
The ice encasing you melts away.
Your orange demon stings the rime drake.
Your orange demon hits the rime drake.
The rime drake looks weaker.
A tyrant leech comes into view.
The rime drake bites your orange demon. 😮 HP[+1] MP[+1]
Your orange demon stings the rime drake.
The rime drake looks as sick as possible!
Your orange demon poisons the rime drake!
Your orange demon closely misses the rime drake.
The rime drake barely misses your orange demon.
The rime drake breathes ice at you.
The icy flash freeze hits your orange demon!!
Your orange demon dies!
Your orange demon disappears in a puff of smoke!
The yak bellows! 😮 HP[+1]
You punch the rime drake! You freeze the rime drake.
The rime drake dies!
The swamp worm fires a harpoon shot at you.
The harpoon shot hits you!
You are yanked forward by the harpoon shot.
The tyrant leech bites you!!
* * * LOW HITPOINT WARNING * * *
The tyrant leech draws strength from your injuries!
The yak gores you!
* * * LOW HITPOINT WARNING * * *
😨 HP[-30] MP[-5]
You take 30 damage, and now have 29/90 hp.
MASSIVE DAMAGE!! (PAUSE)
You lost 5 mp, and now have 3/16 mp.
As you read the scroll of fear, it crumbles to dust.
You assume a fearsome visage.
The swamp worm looks frightened!
The tyrant leech looks frightened! x2; The wyvern resists with some effort.
The yak looks frightened! x2
The wyvern hisses menacingly. 😨 HP[+1] Unknown command. 😨 MP[+1] 😨 HP[+1]
The wyvern closely misses you. The wyvern bites you!
* * * LOW HITPOINT WARNING * * *
A demonic guardian appears!
You see here a rime drake corpse. 😱 HP[-11] MP[-1]
You take 11 damage, and now have 20/90 hp.
You lost 1 mp, and now have 3/16 mp.
Your orange demon stings the wyvern.
The wyvern looks as sick as possible!
Your orange demon poisons the wyvern!
Your orange demon closely misses the wyvern.
There is a stone staircase leading up here. 😱 HP[+1]
The wyvern bites you!
* * * LOW HITPOINT WARNING * * *
A demonic guardian appears!
The wyvern bites you!
You die...

Skill      XL: |  1  2  3  4  5  6  7  8  9 10 11 |
---------------+----------------------------------+-----
Transmutations | 2 3 4 5 6 7 9 10 11 | 11.2
Unarmed Combat | 3 4 5 6 7 8 |  8.3
Poison Magic   | 1 |  1.5
Spellcasting   | 3 |  3.9
Ice Magic      | 3 5 7 8 9 |  9.5
Dodging        | 3 |  3.5
Fighting       | 3 |  3.3

Action                   |  1- 3 |  4- 6 |  7- 9 | 10-12 || total
-------------------------+-------+-------+-------+-------++-------
Melee: Unarmed           |    73 |   191 |   276 |   346 ||   886
       Headbutt          |     7 |     8 |       |       ||    15
       Kick              |    10 |    15 |       |    14 ||    39
       Punch             |     1 |     2 |       |     1 ||     4
 Cast: Beastly Appendage |    16 |    17 |     2 |       ||    35
       Spider Form       |     2 |    16 |       |     1 ||    19
       Wereblood         |     1 |     1 |     9 |    11 ||    22
       Ice Form          |       |     1 |    33 |    35 ||    69
Evoke: Wand              |       |       |     1 |       ||     1
  Use: Scroll            |       |    13 |     6 |     6 ||    25
       Potion            |       |     3 |     2 |     4 ||     9
 Stab: Sleeping          |       |     2 |     4 |     2 ||     8
       Distracted        |       |       |     1 |       ||     1
Armor: Robe              |    11 |    11 |     2 |       ||    24
       Skin              |       |     7 |    79 |   102 ||   188
Dodge: Dodged            |    47 |   124 |   114 |   154 ||   439

Levels and vault maps discovered:
D:1:      wander_arrival_estate, layout_basic, minmay_misc_feat_chi
D:2:      layout_loops_cross, hellmonk_ecumenical_altar_blasted, basic_altar,
          uniq_sigmund, uniq_jessica
D:3:      layout_basic, gup_sewer_entry_glass, serial_shops, shop,
          nicolae_figureground_pulse
D:4:      layout_cave_pods, mainiacjoe_overflow_small_starburst,
          mainiacjoe_overflow_tiny_flanked, nemelex_spade_bored_becter,
          serial_shops, nicolae_shop_statue_plus, minivault_23,
          minmay_crystal_room
D:5:      layout_rooms, mainiacjoe_overflow_paths,
          mainiacjoe_overflow_large_starburst,
          mainiacjoe_overflow_concentric_impassable, enter_ossuary_3,
          uniq_grinder
D:6:      layout_gridville, mainiacjoe_overflow_boulevard
D:7:      layout_basic, minmay_temple_entry_waves, gammafunk_ghost_cemetery,
          minmay_misc_feat_columns, uniq_duvessa
D:8:      layout_rooms, marbit_many_paths, lemuel_zombie_altar_kikubaaqudgha,
          mainiacjoe_overflow_alcove_4, zin_angel, lemuel_blue_sif_altar,
          dpeg_oklobed_lair
D:9:      layout_long_grid, mainiacjoe_overflow_chevrons, hiddenorc2_lemuel,
          gammafunk_ghost_ooze, doesnt_shop_hydraphobe, uniq_psyche
D:10:     layout_roguey, mainiacjoe_overflow_brackets,
          nicolae_wu_jian_wuxing_cycle, serial_shops, nicolae_shop_stone,
          nicolae_trove_entry_crossroad, hellmonk_ghost_big_iron,
          chequers_serial_rivers_micro_e, eino_house_with_fridge, uniq_amaemon
Temple:   hellmonk_temple_two_chambers
Lair:1:   layout_regular_city, enter_volcano_4, minivault_24,
          grunt_megastairs_5, serial_bayou_shore_a
Lair:2:   layout_small_grid, minmay_swamp_entry_worms, lemuel_centaur_altar,
          infiniplex_staircase_pool_2

Notes
Turn   | Place    | Note
-------+----------+-------------------------------------------
     0 | D:1      | kae the Demonspawn Transmuter began the quest for the Orb.
     0 | D:1      | Reached XP level 1. HP: 15/15 MP: 3/3
     0 | D:1      | magus.rc [v1.11.3]
    50 | D:1      | Reached skill level 2 in Transmutations
   155 | D:1      | Gained mutation: You are partially covered in sharp spines.
                  | [demonic ancestry]
   155 | D:1      | Reached XP level 2. HP: 18/21 MP: 3/5
   222 | D:1      | You pick up a book of Party Tricks and begin reading...
   222 | D:1      | You add the spells Apportation and Alistair's Intoxication
                  | to your library.
   318 | D:1      | Reached skill level 3 in Unarmed Combat
   707 | D:2      | Reached XP level 3. HP: 21/26 MP: 4/6
   710 | D:2      | Learned a level 2 spell: Wereblood
   714 | D:2      | Learned a level 3 spell: Spider Form
   818 | D:2      | Noticed Jessica
   822 | D:2      | Killed Jessica
   864 | D:2      | Reached skill level 1 in Poison Magic
   927 | D:2      | Reached XP level 4. HP: 14/32 MP: 4/7
   931 | D:2      | HP: 8/32 [poisoned by an adder]
  1064 | D:2      | Noticed Sigmund
  1289 | D:2      | Found a faded altar of an unknown god.
  1414 | D:2      | Found a radiant altar of Vehumet.
  1702 | D:3      | Reached skill level 3 in Transmutations
  1804 | D:3      | Found a glowing drain.
  1826 | D:3      | You pick up a book of Displacement and begin reading...
  1826 | D:3      | You add the spells Lesser Beckoning, Gell's Gravitas and
                  | Teleport Other to your library.
  1864 | Sewer    | Entered a sewer
  1945 | Sewer    | Gained mutation: You are mostly covered in sharp spines.
                  | [demonic ancestry]
  1945 | Sewer    | Reached XP level 5. HP: 37/37 MP: 7/9
  2002 | Sewer    | HP: 6/37 [kobold brigand/+0 whip (10)]
  2013 | Sewer    | Reached skill level 3 in Spellcasting
  2014 | Sewer    | HP: 8/37 [frozen (3)]
  2354 | Sewer    | Reached skill level 4 in Transmutations
  2470 | Sewer    | Reached skill level 4 in Unarmed Combat
  2470 | Sewer    | Gained mutation: You have a somewhat thin skeletal
                  | structure. (Dex +2, Stealth+) [demonic ancestry]
  2470 | Sewer    | Reached XP level 6. HP: 29/43 MP: 8/10
  2857 | Sewer    | Reached skill level 5 in Transmutations
  3026 | Sewer    | Learned a level 4 spell: Ice Form
  3454 | D:3      | Found Zyt Jiapuu's Armour Shoppe.
  3560 | D:4      | Found a sparkling altar of Nemelex Xobeh.
  3567 | D:4      | Found an opulent altar of Gozag.
  3643 | D:4      | Found a bloodstained altar of Trog.
  3959 | D:4      | Found Boutyigg's Magic Scroll Shoppe.
  3990 | D:4      | Bought a scroll of magic mapping for 75 gold pieces
  3990 | D:4      | Bought a scroll of blinking for 75 gold pieces
  3990 | D:4      | Bought a scroll of identify for 20 gold pieces
  4324 | D:5      | Entered Level 5 of the Dungeon
  4330 | D:5      | Gained mutation: A weak demonic guardian rushes to your
                  | aid. [demonic ancestry]
  4330 | D:5      | Reached XP level 7. HP: 47/48 MP: 4/11
  4342 | D:4      | Reached skill level 1 in Ice Magic
  4399 | D:5      | Found a sand-covered staircase.
  4411 | Ossuary  | Entered an ossuary
  4798 | D:5      | Identified a scroll of acquirement
  4852 | D:5      | Reached skill level 2 in Ice Magic
  4886 | D:5      | Found a broken altar of Ashenzari.
  4898 | D:5      | Noticed Grinder
  4905 | D:5      | Paralysed by Grinder for 5 turns
  4921 | D:5      | Killed Grinder
  4922 | D:5      | Reached skill level 6 in Transmutations
  4922 | D:5      | Reached skill level 3 in Ice Magic
  4922 | D:5      | Reached XP level 8. HP: 19/54 MP: 2/12
  5230 | D:5      | Found a shadowy altar of Dithmenos.
  5264 | D:5      | Reached skill level 5 in Unarmed Combat
  5272 | D:5      | Found a radiant altar of Vehumet.
  5973 | D:6      | Reached skill level 4 in Ice Magic
  6157 | D:6      | Reached skill level 7 in Transmutations
  6704 | D:7      | HP: 9/64 [something/ball of steam (19)]
  7118 | D:7      | Found a staircase to the Ecumenical Temple.
  7162 | D:7      | You pick up a book of Air and begin reading...
  7162 | D:7      | You add the spells Shock, Swiftness and Airstrike to your
                  | library.
  7179 | D:7      | Reached skill level 5 in Ice Magic
  7188 | Temple   | Entered the Ecumenical Temple
  7282 | D:7      | Noticed Duvessa
  7292 | D:7      | Noticed Dowan
  7304 | D:7      | Killed Dowan
  7309 | D:7      | Reached XP level 9. HP: 59/59 MP: 8/13
  7337 | D:7      | HP: 13/70 [Duvessa/+0 short sword of electrocution (9)]
  7344 | D:7      | Killed Duvessa
  7345 | D:7      | Reached skill level 6 in Unarmed Combat
  7347 | D:7      | HP: 26/105 [wight/+2 morningstar of freezing (8)]
  7566 | D:7      | Found a runed translucent gate.
  7567 | D:7      | Found a runed translucent gate.
  7567 | D:7      | Noticed zero's ghost (novice DEEE)
  7568 | D:7      | Found a runed translucent gate.
  7573 | D:7      | Noticed Dominolapin's ghost (novice OgGl)
  8009 | D:7      | Reached skill level 8 in Transmutations
  8396 | D:8      | Learned a level 3 spell: Swiftness
  8404 | D:8      | Found a staircase to the Lair.
  8438 | D:8      | Reached skill level 6 in Ice Magic
  9104 | D:8      | Reached skill level 7 in Ice Magic
  9111 | D:8      | Reached skill level 9 in Transmutations
  9111 | D:8      | Gained mutation: You have large cloven feet. [demonic
                  | ancestry]
  9111 | D:8      | Reached XP level 10. HP: 56/65 MP: 5/14
  9290 | D:8      | Found a snail-covered altar of Cheibriados.
  9327 | D:8      | Found an ancient bone altar of Kikubaaqudgha.
  9435 | D:8      | Noticed an angel
  9510 | D:8      | Found a shimmering blue altar of Sif Muna.
  9575 | D:8      | Found a stormy altar of Qazlal.
  9867 | D:9      | Reached skill level 7 in Unarmed Combat
  9883 | D:9      | HP: 19/78 [orc priest/+0 dagger (3)]
 10152 | D:9      | Found a staircase to the Orcish Mines.
 10226 | D:9      | Reached skill level 8 in Ice Magic
 10416 | D:9      | Found Qyssomm's Hydra Hut.
 10417 | D:9      | Noticed an eight-headed hydra
 10453 | D:9      | Found a sacrificial altar of Ru.
 10499 | D:9      | Noticed Psyche
 10515 | D:9      | Became a worshipper of Ru the Awakened
 10611 | D:9      | Reached skill level 10 in Transmutations
 10797 | D:9      | Found a runed translucent gate.
 10797 | D:9      | Found a runed translucent gate.
 10797 | D:9      | Found a runed translucent gate.
 10798 | D:9      | Noticed HoaS's ghost (novice GrHu)
 11016 | D:9      | Found a viscous altar of Jiyva.
 11169 | D:10     | Entered Level 10 of the Dungeon
 11169 | D:10     | Noticed kae's ghost (journeyman DrTm)
 11271 | D:10     | Found Nygaelaunoba's Magic Scroll Emporium.
 11275 | D:10     | Found an ornate altar of the Wu Jian Council.
 11311 | D:10     | Bought a scroll of magic mapping for 105 gold pieces
 11325 | D:10     | Noticed Amaemon
 11333 | D:10     | Noticed an orange demon
 11338 | D:10     | HP: 17/78 [Amaemon/-2 demon whip of venom (13)]
 11339 | D:10     | HP: 8/78 [Amaemon/-2 demon whip of venom (1)]
 11886 | D:10     | Found a portal to a secret trove of treasure.
 11907 | D:10     | Found a runed translucent door.
 12099 | D:10     | Noticed a necromancer
 12251 | D:10     | This trove needs a +4 demon blade to function. Give it the
                  | item?
 12251 | D:10     | This trove needs a +4 demon blade to function. Give it the
                  | item?
 12251 | D:10     | This trove needs a +4 demon blade to function. Give it the
                  | item?
 12251 | D:10     | This trove needs a +4 demon blade to function. Give it the
                  | item?
 12278 | D:9      | Killed Psyche
 12432 | D:9      | Identified the +0 robe of Xom, Hurtling {*Slow Dex+7
                  | Archmagi}
 12510 | Lair:1   | Entered Level 1 of the Lair of Beasts
 12553 | Lair:1   | Noticed a black mamba
 12560 | Lair:1   | Killed a black mamba
 12561 | Lair:1   | Gained mutation: A demonic guardian rushes to your aid.
                  | [demonic ancestry]
 12561 | Lair:1   | Reached XP level 11. HP: 60/70 MP: 6/15
 12663 | Lair:1   | Reached skill level 2 in Dodging
 12663 | Lair:1   | Reached skill level 9 in Ice Magic
 12766 | Lair:1   | Found a dark tunnel.
 12888 | Lair:1   | Noticed a death yak
 12919 | Lair:1   | Killed a death yak
 13053 | Lair:1   | Reached skill level 2 in Fighting
 13932 | Lair:1   | Reached skill level 8 in Unarmed Combat
 13932 | Lair:1   | HP: 21/87 [yak (10)]
 14161 | D:10     | Killed kae's ghost
 14162 | D:10     | Reached skill level 3 in Dodging
 14178 | D:10     | You add the spells Passwall, Leda's Liquefaction, Iron Shot
                  | and Statue Form to your library.
 14178 | D:10     | Got the Handbook of the Rocks
 14267 | Lair:1   | Reached skill level 11 in Transmutations
 14373 | Lair:2   | Reached skill level 3 in Fighting
 14680 | Lair:2   | HP: 20/90 [wyvern (11)]
 14682 | Lair:2   | HP: 8/90 [wyvern (13)]
 14682 | Lair:2   | Slain by a wyvern

Vanquished Creatures
  The ghost of kae the Transmogrifier, a journeyman DrTm of Ru (D:10)
  A death yak (Lair:1)
  A black mamba (Lair:1)
  A torpor snail (Lair:1)
  A cane toad (Lair:1)
  Psyche (D:9)
  A kobold demonologist (D:9)
  An unseen horror (D:10)
  3 komodo dragons
  A troll (D:9)
  Grinder (D:5)
  4 blink frogs (Lair:2)
  A polar bear (Lair:1)
  4 wyverns
  15 yaks
  A ynoxinul (D:10)
  A steam dragon (D:6)
  An acid dragon (D:10)
  5 water moccasins
  Duvessa (D:7)
  A sky beast (D:7)
  4 orc warriors
  An ogre (D:7)
  A black bear (D:7)
  3 centaurs
  A phantom (D:6)
  5 kobold brigands
  3 bullfrogs (Lair:1)
  3 scorpions
  A gnoll sergeant (D:6)
  5 wights (D:7)
  Dowan (D:7)
  11 killer bees
  5 howler monkeys
  3 jellies
  3 hounds
  A human zombie (Ossuary)
  9 orc priests
  A gnoll bouda (D:9)
  Jessica (D:2)
  An iguana (D:6)
  13 orc wizards
  4 mummies (Ossuary)
  13 adders
  11 gnolls
  3 river rats (Sewer)
  2 white imps
  3 worms (Sewer)
  2 dart slugs
  53 orcs
  11 ball pythons
  3 bats (D:1)
  2 bat zombies (D:8)
  7 endoplasms
  5 giant cockroaches
  6 goblins
  5 hobgoblins
  7 jackals
  A quokka (D:3)
  A frilled lizard (D:3)
  2 hobgoblin zombies (Ossuary)
  A jackal zombie (D:5)
  14 kobolds
  3 kobold zombies (Ossuary)
  2 orc zombies (Ossuary)
  7 rats
  2 rat zombies (D:8)
  A bush (D:10)
294 creatures vanquished.

Vanquished Creatures (collateral kills)
  A rime drake (Lair:2)
  A yak (Lair:2)
  A killer bee (D:8)
  An orc wizard (D:9)
  3 orcs (D:9)
7 creatures vanquished.

Vanquished Creatures (others)
  An orc wizard (D:7)
  30 fungi
  15 plants
  5 withered plants (D:7)
51 creatures vanquished.

Grand Total: 352 creatures vanquished

Table legend:
 A = Non-vault XP
 B = Vault XP
 C = Vault XP percentage of total XP
 D = Non-vault monster count
 E = Vault monster count
 F = Vault count percentage of total count
                 A         B        C        D         E       F
            +---------+---------+-------+---------+---------+-------
      Total |   15444 |    3527 |  18.6 |     211 |      90 |  29.9
            +---------+---------+-------+---------+---------+-------
        D:1 |      39 |       0 |   0.0 |      22 |       0 |   0.0
        D:2 |      37 |      37 |  50.0 |      14 |       1 |   6.7
        D:3 |      67 |      19 |  22.1 |      15 |       4 |  21.1
        D:4 |      80 |       0 |   0.0 |       6 |       0 |   0.0
        D:5 |     346 |     278 |  44.6 |      15 |       2 |  11.8
        D:6 |     957 |       0 |   0.0 |      20 |       0 |   0.0
        D:7 |    1191 |     212 |  15.1 |      23 |       2 |   8.0
        D:8 |    1912 |     125 |   6.1 |      31 |       5 |  13.9
        D:9 |    2761 |     777 |  22.0 |      33 |      33 |  50.0
       D:10 |    1136 |    1045 |  47.9 |       5 |       2 |  28.6
     Lair:1 |    4569 |     397 |   8.0 |      17 |       1 |   5.6
     Lair:2 |    2349 |       0 |   0.0 |      10 |       0 |   0.0
      Sewer |       0 |     516 | 100.0 |       0 |      28 | 100.0
    Ossuary |       0 |     121 | 100.0 |       0 |      12 | 100.0
            +---------+---------+-------+---------+---------+-------

Illustrated notes

Table legend:
 A = Kills in this place as a percentage of kills in entire the game.
 B = Kills by you in this place as a percentage of kills by you in the entire game.
 C = Kills by friends in this place as a percentage of kills by friends in the entire game.
 D = Other kills in this place as a percentage of other kills in the entire game.
 E = Experience gained in this place as a percentage of experience gained in the entire game.
 F = Experience gained in this place divided by the number of levels of this place that you have seen.
                   A       B       C       D       E      F
               +-------+-------+-------+-------+-------+----------------------
         Total | 100.0 | 100.0 | 100.0 | 100.0 | 100.0 | 1264.7
       Dungeon |  77.4 |  77.5 |  71.4 | 100.0 |  58.1 | 1101.9
          Lair |   9.3 |   8.9 |  28.6 |   0.0 |  38.6 | 3657.5
         Sewer |   9.3 |   9.6 |   0.0 |   0.0 |   2.7 | 516.0
       Ossuary |   4.0 |   4.1 |   0.0 |   0.0 |   0.6 | 121.0
               +-------+-------+-------+-------+-------+----------------------

Table legend: (Time is in decaauts)
 A = Elapsed time spent in this place.
 B = Non-inter-level travel time spent in this place.
 C = Inter-level travel time spent in this place.
 D = Time resting spent in this place.
 E = Time spent auto-exploring this place.
 F = Levels seen in this place.
 G = Mean time per level.
                   A        B        C        D        E       F      G
               +--------+--------+--------+--------+--------+-----+--------+
         Total |  14795 |  14290 |    505 |    813 |  10977 |  15 |  986.3 |
       Dungeon |  10927 |  10469 |    458 |    519 |   8179 |  10 | 1092.7 |
        Temple |     64 |     64 |      0 |      0 |     56 |   1 |   64.0 |
          Lair |   1997 |   1950 |     47 |    152 |   1503 |   2 |  998.5 |
         Sewer |   1423 |   1423 |      0 |     63 |   1048 |   1 | 1423.0 |
       Ossuary |    382 |    382 |      0 |     79 |    189 |   1 |  382.0 |
               +--------+--------+--------+--------+--------+-----+--------+

Top non-repeatable levels by time:
     D:9: 1899 daAuts
     D:7: 1703 daAuts
  Lair:1: 1599 daAuts
   Sewer: 1423 daAuts
     D:6: 1377 daAuts
     D:8: 1097 daAuts
     D:2: 1018 daAuts
    D:10: 910 daAuts
     D:5: 860 daAuts
     D:4: 813 daAuts
     D:1: 672 daAuts
     D:3: 574 daAuts
  Lair:2: 398 daAuts
 Ossuary: 382 daAuts
  Temple: 64 daAuts
